A- - U25
ROSEBURG OWLS @ BATAVIA MUCKDOGS
07/09/2052
 
TOP OF THE 1ST
Atlantic City Jokers batting - Pitching for Maine Lobsters : LHP Luis Zamora
Pitching: LHP Luis Zamora
Batting: LHB Néstor Garrido 0-0: Called Strike
0-1: Foul Ball, location: 2F
0-2: Ball
1-2: Ground out 6-3 (Groundball, 6M, EV 105.6 MPH)
Batting: SHB Luis Ángel Cortez 0-0: Ball
1-0: Swinging Strike
1-1: Called Strike
1-2: Strikes out swinging
Batting: RHB Lee Thomas 0-0: Ball
1-0: Called Strike
1-1: Ball
2-1: Ball
3-1: Swinging Strike
3-2: Foul Ball, location: 2F
3-2: SOLO HOME RUN (Flyball, 7D, EV 98.8 MPH), Distance : 369 ft
Batting: RHB Chase Rochester 0-0: Foul Ball, location: 2F
0-1: Ball
1-1: Ball
2-1: Ball
3-1: Base on Balls
Batting: RHB Marco Baez 0-0: Called Strike
0-1: Ball
1-1: Ball
2-1: Foul Ball, location: 2F
2-2: Ground out 4-3 (Groundball, 4M, EV 106.9 MPH)
Top of the 1st over - 1 run, 1 hit, 0 errors, 1 left on base; Atlantic City 1 - Maine 0
BOTTOM OF THE 1ST
Maine Lobsters batting - Pitching for Atlantic City Jokers : LHP Beau Soria
Pitching: LHP Beau Soria
Batting: RHB Esteban Veliz 0-0: Ball
1-0: Called Strike
1-1: Ball
2-1: SINGLE (Line Drive, 56D, EV 95.0 MPH)
Batting: RHB Colin Raines 0-0: Called Strike
0-1: Ball
1-1: SINGLE (Groundball, 6D, EV 94.4 MPH)
Esteban Veliz to second
Runner from 2nd tries for 3rd, SAFE, throw by CF made to third
Batting: RHB Bill Pedersen 0-0: Called Strike
0-1: Called Strike
0-2: Strikes out swinging
Batting: RHB Geoff Wiles 0-0: Ball
1-0: Called Strike
1-1: Foul Ball, location: 2F
1-2: Ball
2-2: Strikes out swinging
Batting: LHB Sansone Saavedra 0-0: Foul Ball, location: 2F
0-1: Fly out, F9 (Line Drive, 9, EV 94.4 MPH)
Bottom of the 1st over - 0 runs, 2 hits, 0 errors, 2 left on base; Atlantic City 1 - Maine 0
TOP OF THE 2ND
Atlantic City Jokers batting - Pitching for Maine Lobsters : LHP Luis Zamora
Batting: RHB Martim De Los Santos 0-0: Ball
1-0: Foul Ball, location: 2F
1-1: Foul Ball, location: 2F
1-2: Foul Ball, location: 2F
1-2: Foul Ball, location: 2F
1-2: Foul Ball, location: 2F
1-2: Foul Ball, location: 2F
1-2: Ball
2-2: Ball
3-2: Fly out, F9 (Flyball, 9LM, EV 94.4 MPH)
Batting: RHB Kurt Vandyk 0-0: Ground out U3 (Groundball, 34, EV 86.9 MPH)
Batting: LHB Dale MacDonald 0-0: Ball
1-0: Ground out 6-3 (Groundball, 6, EV 90.0 MPH)
Top of the 2nd over - 0 runs, 0 hits, 0 errors, 0 left on base; Atlantic City 1 - Maine 0
BOTTOM OF THE 2ND
Maine Lobsters batting - Pitching for Atlantic City Jokers : LHP Beau Soria
Batting: RHB Stepan Karapetyan 0-0: Called Strike
0-1: Called Strike
0-2: Ball
1-2: Strikes out swinging
Batting: LHB Ray Brown 0-0: Fly out, F7 (Flyball, 7LS, EV 89.4 MPH)
Batting: RHB Frank Lebel 0-0: Called Strike
0-1: Foul Ball, location: 2F
0-2: Strikes out swinging
Bottom of the 2nd over - 0 runs, 0 hits, 0 errors, 0 left on base; Atlantic City 1 - Maine 0
TOP OF THE 3RD
Atlantic City Jokers batting - Pitching for Maine Lobsters : LHP Luis Zamora
Batting: SHB Zat Collett 0-0: Ball
1-0: Foul Ball, location: 2F
1-1: Ball
2-1: Foul Ball, location: 2F
2-2: Fly out, F3 (Popup, 3L, EV 65.6 MPH)
Batting: LHB Néstor Garrido 0-0: Called Strike
0-1: Called Strike
0-2: Foul Ball, location: 2F
0-2: Foul Ball, location: 2F
0-2: Ball
1-2: Foul Ball, location: 2F
1-2: SINGLE (Groundball, 34D, EV 95.6 MPH)
Batting: SHB Luis Ángel Cortez 0-0: Ball
1-0: Grounds into double play, 5-4-3 (Groundball, 5, EV 88.1 MPH)
Top of the 3rd over - 0 runs, 1 hit, 0 errors, 0 left on base; Atlantic City 1 - Maine 0
BOTTOM OF THE 3RD
Maine Lobsters batting - Pitching for Atlantic City Jokers : LHP Beau Soria
Batting: SHB Emilio Alanis 0-0: Foul Ball, location: 2F
0-1: Ball
1-1: Ball
2-1: Fly out, F7 (Flyball, 78S, EV 82.5 MPH)
Batting: RHB Esteban Veliz 0-0: Foul Ball, location: 2F
0-1: Swinging Strike
0-2: Ball
1-2: Ball
2-2: Ball
3-2: Foul Ball, location: 2F
3-2: Fly out, F5 (Popup, 6S, EV 76.9 MPH)
Batting: RHB Colin Raines 0-0: Ground out 6-3 (Groundball, 6S, EV 93.8 MPH)
Bottom of the 3rd over - 0 runs, 0 hits, 0 errors, 0 left on base; Atlantic City 1 - Maine 0
TOP OF THE 4TH
Atlantic City Jokers batting - Pitching for Maine Lobsters : LHP Luis Zamora
Batting: RHB Lee Thomas 0-0: Ball
1-0: Called Strike
1-1: Swinging Strike
1-2: Foul Ball, location: 2F
1-2: Fly out, F7 (Line Drive, 7, EV 104.4 MPH)
Batting: RHB Chase Rochester 0-0: Foul Ball, location: 2F
0-1: Ground out 5-3 (Groundball, 56S, EV 76.9 MPH)
Batting: RHB Marco Baez 0-0: Called Strike
0-1: Ball
1-1: Foul Ball, location: 2F
1-2: Reached on error, E3 (Groundball, 3, EV 93.8 MPH)
Batting: RHB Martim De Los Santos 0-0: Ball
1-0: Called Strike
1-1: Foul Ball, location: 2F
1-2: Fly out, F8 (Line Drive, 8LM, EV 85.6 MPH)
Top of the 4th over - 0 runs, 0 hits, 1 error, 1 left on base; Atlantic City 1 - Maine 0
BOTTOM OF THE 4TH
Maine Lobsters batting - Pitching for Atlantic City Jokers : LHP Beau Soria
Batting: RHB Bill Pedersen 0-0: SOLO HOME RUN (Flyball, 78XD, EV 108.1 MPH), Distance : 423 ft
Batting: RHB Geoff Wiles 0-0: Foul Ball, location: 2F
0-1: Ball
1-1: Foul Ball, location: 2F
1-2: Strikes out swinging
Batting: LHB Sansone Saavedra 0-0: Called Strike
0-1: Ball
1-1: Called Strike
1-2: Ball
2-2: Ball
3-2: Strikes out looking
Batting: RHB Stepan Karapetyan 0-0: Ball
1-0: SOLO HOME RUN (Flyball, 7LD, EV 98.1 MPH), Distance : 350 ft
Batting: LHB Ray Brown 0-0: Called Strike
0-1: Foul Ball, location: 2F
0-2: Foul Ball, location: 2F
0-2: Ball
1-2: Strikes out swinging
Bottom of the 4th over - 2 runs, 2 hits, 0 errors, 0 left on base; Atlantic City 1 - Maine 2
TOP OF THE 5TH
Atlantic City Jokers batting - Pitching for Maine Lobsters : LHP Luis Zamora
Batting: RHB Kurt Vandyk 0-0: Foul Ball, location: 2F
0-1: Foul Ball, location: 2F
0-2: Ball
1-2: SINGLE (Line Drive, 8LS, EV 87.5 MPH)
Batting: LHB Dale MacDonald 0-0: Swinging Strike
0-1: Foul Ball, location: 2F
0-2: Fly out, F7 (Flyball, 7S, EV 90.0 MPH)
Batting: SHB Zat Collett 0-0: Called Strike
0-1: Ball
1-1: Swinging Strike
1-2: Strikes out swinging
Batting: LHB Néstor Garrido 0-0: Called Strike
0-1: Foul Ball, location: 2F
0-2: Foul Ball, location: 2F
0-2: Ball
1-2: Ball
Wild Pitch!
Kurt Vandyk to second
2-2: Ground out 1-3 (Groundball, 34S, EV 68.1 MPH)
Top of the 5th over - 0 runs, 1 hit, 0 errors, 1 left on base; Atlantic City 1 - Maine 2
BOTTOM OF THE 5TH
Maine Lobsters batting - Pitching for Atlantic City Jokers : LHP Beau Soria
Batting: RHB Frank Lebel 0-0: Swinging Strike
0-1: Called Strike
0-2: Strikes out swinging
Batting: SHB Emilio Alanis 0-0: Called Strike
0-1: Foul Ball, location: 2F
0-2: Ball
1-2: Foul Ball, location: 2F
1-2: Ball
2-2: Ball
3-2: Strikes out swinging
Batting: RHB Esteban Veliz 0-0: Fly out, F9 (Flyball, 9LS, EV 96.9 MPH)
Bottom of the 5th over - 0 runs, 0 hits, 0 errors, 0 left on base; Atlantic City 1 - Maine 2
TOP OF THE 6TH
Atlantic City Jokers batting - Pitching for Maine Lobsters : LHP Luis Zamora
Pitching: RHP Dave Ausch
Batting: SHB Luis Ángel Cortez 0-0: Foul Ball, location: 2F
0-1: Swinging Strike
0-2: Strikes out looking
Batting: RHB Lee Thomas 0-0: Foul Ball, location: 2F
0-1: Called Strike
0-2: Ground out 5-3 (Groundball, 56, EV 106.9 MPH)
Batting: RHB Chase Rochester 0-0: Foul Ball, location: 2F
0-1: Ball
1-1: Foul Ball, location: 2F
1-2: Foul Ball, location: 2F
1-2: Ball
2-2: Ball
3-2: SINGLE (Line Drive, 6MD, EV 96.9 MPH)
Batting: RHB Marco Baez 0-0: Called Strike
0-1: Called Strike
0-2: SINGLE (Groundball, 4M, EV 94.4 MPH)
Chase Rochester to second
Batting: RHB Martim De Los Santos 0-0: Ball
1-0: Ball
2-0: Ball
3-0: Called Strike
3-1: Called Strike
3-2: Ground out 4-3 (Groundball, 4M, EV 100.0 MPH)
Top of the 6th over - 0 runs, 2 hits, 0 errors, 2 left on base; Atlantic City 1 - Maine 2
BOTTOM OF THE 6TH
Maine Lobsters batting - Pitching for Atlantic City Jokers : LHP Beau Soria
Batting: RHB Colin Raines 0-0: Called Strike
0-1: Ball
1-1: Foul Ball, location: 2F
1-2: SINGLE (Line Drive, 56D, EV 105.6 MPH)
Batting: RHB Bill Pedersen 0-0: Ball
1-0: Foul Ball, location: 2F
1-1: Ball
2-1: DOUBLE (Line Drive, 7LM, EV 106.2 MPH)
Colin Raines to third
Batting: RHB Geoff Wiles 0-0: Ball
1-0: Foul Ball, location: 2F
1-1: Ground out 6-3 (Groundball, 6, EV 91.9 MPH)
Colin Raines scores
Batting: LHB Sansone Saavedra 0-0: Intentional Walk
Batting: RHB Stepan Karapetyan 0-0: Ball
1-0: Ball
2-0: Swinging Strike
2-1: Foul Ball, location: 2F
2-2: Foul Ball, location: 2F
2-2: Ball
3-2: Strikes out looking
Batting: LHB Ray Brown 0-0: Ball
1-0: Foul Ball, location: 2F
1-1: Ball
2-1: Called Strike
2-2: Ball
3-2: Strikes out looking
Bottom of the 6th over - 1 run, 2 hits, 0 errors, 2 left on base; Atlantic City 1 - Maine 3
TOP OF THE 7TH
Atlantic City Jokers batting - Pitching for Maine Lobsters : RHP Dave Ausch
Batting: RHB Kurt Vandyk 0-0: Swinging Strike
0-1: Foul Ball, location: 2F
0-2: Ball
1-2: Foul Ball, location: 2F
1-2: Strikes out swinging
Batting: LHB Dale MacDonald 0-0: Ball
1-0: SOLO HOME RUN (Flyball, 89XD, EV 104.4 MPH), Distance : 405 ft
Batting: SHB Zat Collett 0-0: Ball
1-0: Foul Ball, location: 2F
1-1: Ball
2-1: SINGLE (Groundball, 6MS, EV 63.8 MPH) (infield hit)
Batting: LHB Néstor Garrido 0-0: Ball
1-0: Fielders Choice at 2nd, 4-6 (Groundball, 4S, EV 86.9 MPH)
Batting: SHB Luis Ángel Cortez 0-0: Ball
1-0: Fly out, F5 (Popup, 56S, EV 81.9 MPH)
Top of the 7th over - 1 run, 2 hits, 0 errors, 1 left on base; Atlantic City 2 - Maine 3
BOTTOM OF THE 7TH
Maine Lobsters batting - Pitching for Atlantic City Jokers : LHP Beau Soria
Pitching: LHP Mason Edmundson
Batting: RHB Frank Lebel 0-0: Swinging Strike
0-1: Foul Ball, location: 2F
0-2: Ball
1-2: Ground out 5-3 (Groundball, 56S, EV 83.8 MPH)
Batting: SHB Emilio Alanis 0-0: Ball
1-0: Called Strike
1-1: Swinging Strike
1-2: Ball
2-2: Strikes out swinging
Batting: RHB Esteban Veliz 0-0: SINGLE (Groundball, 6MD, EV 98.1 MPH)
Batting: RHB Colin Raines 0-0: Ball
1-0: Fielders Choice at 2nd, 5-4 (Groundball, 56D, EV 83.1 MPH)
Bottom of the 7th over - 0 runs, 1 hit, 0 errors, 1 left on base; Atlantic City 2 - Maine 3
TOP OF THE 8TH
Atlantic City Jokers batting - Pitching for Maine Lobsters : RHP Dave Ausch
Batting: RHB Lee Thomas 0-0: Ball
1-0: Foul Ball, location: 2F
1-1: Ball
2-1: Foul Ball, location: 2F
2-2: Ball
3-2: Ground out 4-3 (Groundball, 34, EV 86.9 MPH)
Batting: RHB Chase Rochester 0-0: Called Strike
0-1: Hit by Pitch
Pitching: RHP Tyler Welsch
Batting: RHB Marco Baez 0-0: Called Strike
0-1: Foul Ball, location: 2F
0-2: Strikes out looking
Batting: RHB Martim De Los Santos 0-0: Swinging Strike
0-1: Called Strike
0-2: Ball
Wild Pitch!
Chase Rochester to second
1-2: Ball
2-2: Foul Ball, location: 2F
2-2: Strikes out swinging
Top of the 8th over - 0 runs, 0 hits, 0 errors, 1 left on base; Atlantic City 2 - Maine 3
BOTTOM OF THE 8TH
Maine Lobsters batting - Pitching for Atlantic City Jokers : LHP Mason Edmundson
Batting: RHB Bill Pedersen 0-0: Called Strike
0-1: Called Strike
0-2: Ball
1-2: Ball
2-2: Strikes out swinging
Batting: RHB Geoff Wiles 0-0: Ball
1-0: Called Strike
1-1: Swinging Strike
1-2: Foul Ball, location: 2F
1-2: Strikes out swinging
Batting: LHB Sansone Saavedra 0-0: Ground out 1-3 (Groundball, P, EV 62.5 MPH)
Bottom of the 8th over - 0 runs, 0 hits, 0 errors, 0 left on base; Atlantic City 2 - Maine 3
TOP OF THE 9TH
Atlantic City Jokers batting - Pitching for Maine Lobsters : RHP Tyler Welsch
Pitching: RHP Eddie Cotter
Batting: RHB Kurt Vandyk 0-0: Ball
1-0: Foul Ball, location: 2F
1-1: Swinging Strike
1-2: Foul Ball, location: 2F
1-2: Foul Ball, location: 2F
1-2: Ball
2-2: Foul Ball, location: 2F
2-2: Ball
3-2: Strikes out swinging
Batting: LHB Dale MacDonald 0-0: Swinging Strike
0-1: Ball
1-1: Ball
2-1: Ball
3-1: Base on Balls
Batting: SHB Zat Collett 0-0: Ball
1-0: Called Strike
1-1: Foul Ball, location: 2F
1-2: Foul Ball, location: 2F
1-2: Fielders Choice at 2nd, 4-6 (Groundball, 4, EV 103.8 MPH)
Batting: LHB Néstor Garrido 0-0: Ball
1-0: Foul Ball, location: 2F
1-1: Foul Ball, location: 2F
1-2: Strikes out swinging
Top of the 9th over - 0 runs, 0 hits, 0 errors, 1 left on base; Atlantic City 2 - Maine 3
Sunday, April 28th , 2024 - OOTP Baseball 24.11 Build 85